 Dungeon Crawl Stone Soup version 0.18.1-8-gdd0e5ea (webtiles) character file.

3469 M4edhros the Blocker (level 10, -11/70 HPs)
             Began as a Formicid Fighter on June 6, 2016.
             Was a Believer of Qazlal.
             Killed from afar by an electric eel (13 damage)
             ... with a bolt of electricity
             ... on level 9 of the Dungeon.
             The game lasted 00:07:57 (7267 turns).

M4edhros the Blocker (Formicid Fighter)             Turns: 7267, Time: 00:07:58

Health: -11/70     AC:  9    Str: 22    XL:     10   Next: 27%
Magic:  10/10      EV: 11    Int:  7    God:    Qazlal [**....]
Gold:   360        SH: 16    Dex: 16    Spells: 0 memorised, 9 levels left

rFire  + . .     SeeInvis +     s - +8 long sword of the Enchanted Forest {flame, MR+ Dex+3}
rCold  + + .     Gourm    .     A - +3 leather armour {rC+}
rNeg   . . .     Faith    .     c - +0 shield
rPois  .         Spirit   .     (helmet unavailable)
rElec  .         Dismiss  .     o - +2 cloak
rCorr  .         Reflect  .     m - +0 pair of gloves
SustAt .         Harm     .     (no boots)
MR     ++...                    (no amulet)
Stlth  +.........               h - ring of protection from fire
                                p - ring of protection from cold

@: very resistant to hostile enchantments, very unstealthy
A: permanent stasis, dig shafts and tunnels, four strong arms, antennae 3,
blurry vision 1, deformed body, screaming 1
a: Dig, Shaft Self, Upheaval, Renounce Religion


You were on level 9 of the Dungeon.
You worshipped Qazlal.
Qazlal was pleased with you.
You were not hungry.

You visited 2 branches of the dungeon, and saw 10 of its levels.

You collected 360 gold pieces.

Inventory:

Hand Weapons
 a - a +1 trident
 l - a +2 quarterstaff of chaos
 s - the +8 long sword of the Enchanted Forest (weapon) {flame, MR+ Dex+3}
   (You found it on level 7 of the Dungeon)

   It has been specially enchanted to burn those struck by it, causing extra
   injury to most foes and up to half again as much damage against particularly
   susceptible opponents.
   Big, fiery blades are also staple armaments of hydra-hunters.
   It affects your dexterity (+3).
   It affects your resistance to hostile enchantments.
 C - a +1 spear of pain
Missiles
 j - 7 poisoned tomahawks (quivered)
 k - 3 tomahawks
Armour
 b - a +0 scale mail
 c - a +0 shield (worn)
 m - a +0 pair of gloves (worn)
 o - a +2 cloak (worn)
 q - the +0 chain mail of Surprise {rF- rN+ Dex+4}
   (You found it on level 4 of the Dungeon)

   It affects your dexterity (+4).
   It makes you vulnerable to fire.
   It protects you from negative energy.
 y - a +0 leather armour of magic resistance
 A - a +3 leather armour of cold resistance (worn)
Rods
 t - a +2 rod of shadows (14/14)
   (You found it on level 8 of the Dungeon)
Jewellery
 h - a ring of protection from fire (right hand)
 p - a ring of protection from cold (left hand)
 z - an uncursed amulet of magic regeneration {unknown}
Wands
 D - a wand of acid (10/15)
Scrolls
 e - a scroll of remove curse
 i - a scroll of amnesia
 n - 12 scrolls of identify
 r - a scroll of enchant weapon
 u - 2 scrolls of magic mapping {unknown}
 w - a scroll of fear
 B - a scroll of immolation {unknown}
Potions
 d - a potion of might
 v - a potion of agility
 x - a potion of degeneration {unknown}
Comestibles
 f - 7 bread rations
 g - 5 beef jerkies


   Skills:
 - Level 3.2 Fighting
 * Level 6.0 Long Blades
 - Level 8.6 Polearms
 - Level 3.2 Armour
 + Level 11.6 Shields


You had 9 spell levels left.
You didn't know any spells.

Dungeon Overview and Level Annotations

Branches:
Dungeon (9/15)             Temple (1/1) D:5
   Lair: D:8-11         Orc: D:9-12

Altars:
Ashenzari
Dithmenos
Elyvilon
Fedhas
Gozag
Kikubaaqudgha
Makhleb
Nemelex Xobeh
Okawaru
Pakellas
Qazlal
Ru
Sif Muna
Xom
The Shining One


Innate Abilities, Weirdness & Mutations

You are under a permanent stasis effect.
You can dig through walls and to a lower floor.
Your four strong arms can wield two-handed weapons with a shield.
You have a pair of large antennae on your head (SInv).
Scrolls take you a little longer to read.
Armour fits poorly on your strangely shaped body.
You occasionally shout uncontrollably at your foes.


Message History

The bolt of electricity misses you.
The electric eel shoots out a bolt of lightning at you!
The bolt of electricity hits you! The yak gores you.
The electric eel shoots out a bolt of lightning at you!
The bolt of electricity hits you!
The electric eel shoots out a bolt of lightning at you!
The bolt of electricity hits you!
* * * LOW HITPOINT WARNING * * *
The electric eel shoots out a bolt of lightning at you!
The bolt of electricity hits you!
* * * LOW HITPOINT WARNING * * *
The bolt of electricity hits you!
* * * LOW HITPOINT WARNING * * *
Drink which item? (? for menu, Esc to quit)
You can't drink that!
Unknown command.
The yak misses you.
The electric eel shoots out a bolt of lightning at you!
The bolt of electricity hits you!
You die...

#..≈≈;≈≈≈≈≈....≈...
##..≈≈≈{≈≈≈....≈≈...
...≈≈≈≈≈≈≈≈≈≈≈≈≈≈≈≈
...≈....≈.....≈≈.≈..
....#...?.≈≈Z≈≈;≈≈...
.....#......#.........
##......#......#ZY..#....
.†.............#....# ...
###########.####@...# ..
.#.......#..........#
..#.._..#...........#
.#########..#+###...#
....#.#.§.......#...'.
.)..)#....#.....#...###
...†......##....#....
...........#....#.....
...........#....#


You could see a yak, an electric eel, a hound simulacrum and a giant frog
simulacrum.

Vanquished Creatures
  The ghost of F1L1N the Chopper, a novice DDBe of Trog (D:6)
  A wyvern (D:8)
  A hippogriff (D:6)
  2 ice beasts
  An orc warrior (D:8)
  A necrophage (D:7)
  A black bear (D:6)
  2 ogres
  2 centaurs
  3 big kobolds (D:8)
  3 giant frogs
  A wyvern zombie (D:8)
  3 scorpions
  3 wights (D:7)
  7 howler monkeys
  3 crimson imps
  3 hounds
  2 gnoll shamans
  An orc priest (D:6)
  3 iguanas
  3 jellies
  Crazy Yiuf (D:5)
  A centaur skeleton (D:7)
  2 giant frog skeletons
  3 orc wizards
  2 worker ants
  2 hound skeletons
  A worker ant zombie (D:8)
  9 gnolls
  18 adders
  A shadow imp (D:7)
  A white imp (D:9)
  An ooze (D:3)
  An adder zombie (D:6)
  2 worms (D:3)
  5 giant geckos
  12 orcs
  A ball python (D:2)
  4 bats
  4 giant cockroaches
  4 goblins
  7 hobgoblins
  12 jackals
  4 quokkas
  4 giant newts
  13 kobolds
  9 rats
171 creatures vanquished.

Notes
Turn   | Place    | Note
--------------------------------------------------------------
     0 | D:1      | M4edhros the Formicid Fighter began the quest for the Orb.
     0 | D:1      | Reached XP level 1. HP: 18/18 MP: 1/1
   181 | D:2      | Reached skill level 4 in Shields
   181 | D:2      | Reached XP level 2. HP: 20/24 MP: 2/2
   290 | D:2      | Reached XP level 3. HP: 17/29 MP: 3/3
   590 | D:3      | Noticed a giant frog
   599 | D:3      | Killed a giant frog
   599 | D:3      | Reached skill level 5 in Shields
   599 | D:3      | Reached XP level 4. HP: 34/35 MP: 4/4
   622 | D:3      | Reached XP level 5. HP: 37/41 MP: 5/5
   893 | D:4      | Found an iron altar of Okawaru.
   893 | D:4      | Found an ancient bone altar of Kikubaaqudgha.
   893 | D:4      | Found a glowing golden altar of the Shining One.
   895 | D:4      | Found a white marble altar of Elyvilon.
  1432 | D:4      | Reached XP level 6. HP: 37/47 MP: 6/6
  1578 | D:5      | Entered Level 5 of the Dungeon
  1780 | D:5      | Noticed Crazy Yiuf
  1788 | D:5      | Killed Crazy Yiuf
  1788 | D:5      | Reached skill level 6 in Shields
  1835 | D:5      | Found a shattered altar of Ashenzari.
  1941 | D:4      | Got a heavily runed chain mail
  1952 | D:4      | Identified the cursed +0 chain mail of Surprise {rF- rN+ Dex+4} (You found it on level 4 of the Dungeon)
  2003 | D:5      | Found a staircase to the Ecumenical Temple.
  2040 | D:5      | Reached skill level 5 in Polearms
  2059 | Temple   | Entered the Ecumenical Temple
  2070 | Temple   | Became a worshipper of Qazlal Stormbringer
  2086 | D:5      | Noticed an ice beast
  2096 | D:5      | Killed an ice beast
  2096 | D:5      | Reached XP level 7. HP: 52/52 MP: 7/7
  2404 | D:3      | Reached skill level 7 in Shields
  3193 | D:2      | Reached * piety under Qazlal
  3274 | D:2      | Found a blossoming altar of Fedhas.
  4129 | D:6      | Reached XP level 8. HP: 56/58 MP: 8/8
  4132 | D:6      | Reached skill level 8 in Shields
  4836 | D:6      | Noticed F1L1N's ghost (novice DDBe)
  4846 | D:6      | Gained mutation: You occasionally shout uncontrollably at your foes. [potion of mutation]
  4846 | D:6      | Gained mutation: Armour fits poorly on your strangely shaped body. [potion of mutation]
  4846 | D:6      | Gained mutation: Scrolls take you a little longer to read. [potion of mutation]
  4862 | D:6      | Killed F1L1N's ghost
  4862 | D:6      | Reached skill level 9 in Shields
  4865 | D:6      | Reached XP level 9. HP: 19/64 MP: 9/9
  5094 | D:6      | Reached skill level 10 in Shields
  5879 | D:7      | Reached ** piety under Qazlal
  5899 | D:7      | Got a twisted long sword
  5900 | D:7      | Identified the +8 long sword of the Enchanted Forest {flame, MR+ Dex+3} (You found it on level 7 of the Dungeon)
  5934 | D:7      | Reached skill level 1 in Long Blades
  5964 | D:7      | Found a burning altar of Makhleb.
  6040 | D:7      | Found a shimmering altar of Xom.
  6395 | D:8      | Reached skill level 11 in Shields
  6522 | D:8      | Reached XP level 10. HP: 66/70 MP: 10/10
  6835 | D:8      | Reached skill level 5 in Long Blades
  7252 | D:9      | Found an oddly glowing altar of Pakellas.
  7264 | D:9      | HP: 2/70 [electric eel/bolt of electricity (10)]
  7267 | D:9      | Killed from afar by an electric eel

Skill      XL: |  1  2  3  4  5  6  7  8  9 10 |
---------------+-------------------------------+-----
Shields        | 4 5 6 7 9 11 | 11.6
Polearms       | 3 4 5 6 7 8 |  8.6
Long Blades    | 4 6 |  6.0
Fighting       | |  3.2
Armour         | |  3.2

Action                   |  1- 3 |  4- 6 |  7- 9 | 10-12 || total
-------------------------+-------+-------+-------+-------++-------
Melee: Trident           |    72 |    95 |   397 |       ||   564
       Quarterstaff      |       |    17 |       |       ||    17
       Spear             |       |       |     6 |       ||     6
       Long sword        |       |       |    45 |    62 ||   107
 Abil: Dig               |       |       |     5 |       ||     5
  Use: Scroll            |       |     9 |     1 |       ||    10
       Potion            |       |       |     9 |       ||     9
 Stab: Petrifying        |       |     1 |       |       ||     1
       Petrified         |       |     1 |       |       ||     1
  Eat: Chunk             |       |     3 |    14 |       ||    17
       Pizza             |       |       |     1 |       ||     1
       Meat ration       |       |       |       |     1 ||     1
Armor: Scale mail        |    32 |    29 |       |       ||    61
       Chain mail        |       |     4 |    51 |       ||    55
       Leather armour    |       |       |    66 |    13 ||    79
Dodge: Dodged            |    26 |    29 |   111 |    26 ||   192
Block: Shield            |    27 |    37 |   262 |    84 ||   410
